 Dungeon Crawl Stone Soup version 0.18.1-8-gdd0e5ea (console) character file.

93 Doll the Slasher (level 4, -2/39 HPs)
             Began as a Minotaur Berserker on May 27, 2016.
             Was a Believer of Trog.
             Killed from afar by Ijyb (6 damage)
             ... with a wand of flame
             ... on level 3 of the Dungeon.
             The game lasted 00:10:56 (1888 turns).

Doll the Slasher (Minotaur Berserker)               Turns: 1888, Time: 00:10:56

Health: -2/39      AC:  2    Str: 22    XL:     4   Next: 36%
Magic:  3/3        EV:  8    Int:  4    God:    Trog [**....]
Gold:   104        SH:  0    Dex: 10    Spells: 0 memorised, 3 levels left

rFire  . . .     SeeInvis .     a - +0 falchion
rCold  . . .     Gourm    .     b - +0 chain mail
rNeg   . . .     Faith    .     (no shield)
rPois  .         Spirit   .     (helmet restricted)
rElec  .         Dismiss  .     (no cloak)
rCorr  .         Reflect  .     (no gloves)
SustAt .         Harm     .     (no boots)
MR     ++...                    (no amulet)
Stlth  ..........               (no ring)
                                d - -6 ring of protection (curse)

@: regenerating, very resistant to hostile enchantments, extremely unstealthy
A: retaliatory headbutt, horns 2
a: Berserk, Trog's Hand, Burn Spellbooks, Renounce Religion


You were on level 3 of the Dungeon.
You worshipped Trog.
Trog was pleased with you.
You were not hungry.

You visited 1 branch of the dungeon, and saw 3 of its levels.

You collected 104 gold pieces.

Inventory:

Hand Weapons
 a - a +0 falchion (weapon)
Armour
 b - a +0 chain mail (worn)
Jewellery
 d - a cursed -6 ring of protection (left hand)
Scrolls
 j - a scroll of identify
Potions
 e - a potion of brilliance {unknown}
 g - a potion of lignification {unknown}
 h - 3 potions of agility
 k - 3 potions of heal wounds
 l - a potion of mutation {unknown}
Comestibles
 c - 2 bread rations
 f - 2 meat rations
 i - 5 chunks of flesh


   Skills:
 - Level 3.6 Fighting
 + Level 6.3 Long Blades
 - Level 2.4 Armour
 - Level 2.1 Dodging


You had 3 spell levels left.
You didn't know any spells.

Dungeon Overview and Level Annotations

Branches:
Dungeon (3/15)

Altars:
Nemelex Xobeh
Vehumet

Annotations:
D:3 Ijyb


Innate Abilities, Weirdness & Mutations

You reflexively headbutt those who attack you in melee.
You have a pair of horns on your head.


Message History

You feel slightly more hungry. Ijyb hits you with a club.
* * * LOW HITPOINT WARNING * * *
You closely miss Ijyb.
Ijyb is heavily wounded.
Ijyb grins evilly.
Ijyb hits you with a club.
* * * LOW HITPOINT WARNING * * *
You hit Ijyb but do no damage.
Ijyb is heavily wounded.
Ijyb screams, "I cut your head off!" Ijyb hits you with a club.
* * * LOW HITPOINT WARNING * * *
You hit Ijyb but do no damage.
Ijyb is heavily wounded.
Ijyb hits you but does no damage.
You hit Ijyb but do no damage. You headbutt Ijyb!
Ijyb is severely wounded.
You feel the effects of Trog's Hand fading.
Ijyb zaps a wand.
The puff of flame hits you!
You die...

### # #.. ...
###.###.....
#>..@gK.....
#.#.####.###
#.#.####.###
#..........
#.#.####.######
#.#...........#
#.#...........#
#.##..........#
.. +..........#
## #..........#
######'#####


You could see Ijyb and a kobold.

Vanquished Creatures
  3 adders (D:2)
  An ooze (D:1)
  3 worms
  A giant gecko (D:3)
  5 bats
  3 giant cockroaches
  6 goblins
  7 hobgoblins
  4 jackals (D:2)
  5 kobolds
  A quokka (D:2)
  A ball python (D:3)
  10 rats
50 creatures vanquished.

Vanquished Creatures (others)
  A giant gecko (D:2)
  A ball python (D:2)
2 creatures vanquished.

Grand Total: 52 creatures vanquished

Notes
Turn   | Place    | Note
--------------------------------------------------------------
     0 | D:1      | Doll the Minotaur Berserker began the quest for the Orb.
     0 | D:1      | Reached XP level 1. HP: 19/19 MP: 0/0
    75 | D:1      | Reached skill level 4 in Long Blades
   129 | D:1      | Reached XP level 2. HP: 23/26 MP: 1/1
   488 | D:1      | Reached skill level 5 in Long Blades
   957 | D:2      | Reached ** piety under Trog
   957 | D:2      | Reached XP level 3. HP: 31/31 MP: 2/2
   978 | D:2      | Found a radiant altar of Vehumet.
  1035 | D:2      | Found a sparkling altar of Nemelex Xobeh.
  1603 | D:2      | Reached XP level 4. HP: 39/39 MP: 3/3
  1650 | D:2      | Reached skill level 6 in Long Blades
  1875 | D:3      | Noticed Ijyb
  1888 | D:3      | Killed from afar by Ijyb

Skill      XL: |  1  2  3  4 |
---------------+-------------+-----
Long Blades    | 4 5 6 |  6.3
Fighting       | |  3.6
Armour         | |  2.4
Dodging        | |  2.1

Action                   |  1- 3 |  4- 6 || total
-------------------------+-------+-------++-------
Melee: Falchion          |    95 |    32 ||   127
       Headbutt          |     9 |     7 ||    16
       Mace              |       |     4 ||     4
Invok: Berserk           |     1 |       ||     1
       Trog's Hand       |       |     1 ||     1
  Use: Scroll            |     2 |     1 ||     3
  Eat: Chunk             |     3 |     1 ||     4
Armor: Animal skin       |     3 |       ||     3
       Ring mail         |     3 |       ||     3
       Chain mail        |    24 |     9 ||    33
Dodge: Dodged            |    48 |     9 ||    57
